 Dungeon Crawl Stone Soup version 0.31.0-32-g396128a36d (webtiles) character file.

Game seed: 4355242190360276166

4031 Doomgape the Protected (level 10, 0/58 HPs)
             Began as a Gargoyle Fighter on Apr 5, 2024.
             Was a Believer of Hepliaklqana.
             Slain by Erolcha
             ... wielding a +0 giant club
              (36 damage)
             ... on level 9 of the Dungeon.
             The game lasted 00:21:59 (7238 turns).

Doomgape the Protected (Gargoyle Fighter)           Turns: 7238, Time: 00:22:00

Health: 0/58       AC: 21    Str: 24    XL:     10   Next: 24%
Magic:  10/10      EV:  5    Int:  9    God:    Hepliaklqana [**....]
Gold:   507        SH: 13    Dex:  9    Spells: 9/9 levels left

rFire   + . .        u - +0 flail (holy)
rCold   . . .        j - +0 tower shield
rNeg    + . .        h - +0 plate armour
rPois   ∞            (no helmet)
rElec   +            (no cloak)
rCorr   .            (no gloves)
SInv    +            (no boots)
Will    .....        (no amulet) Stlth
                     l - ring of see invisible
HPRegen 0.29/turn    s - ring of protection from fire
MPRegen 0.12/turn

%: no passive effects
@: no status effects
A: reduced essence, sickness immunity, AC +7, negative energy resistance 1,
electricity resistance, torment resistance 1, petrification resistance, hooves
1, sturdy frame 1
a: Renounce Religion, Ancestor Life: Knight, Ancestor Life: Battlemage, Ancestor
Life: Hexer, Recall Ancestor, Ancestor Identity


You were on level 9 of the Dungeon.
You worshipped Hepliaklqana.
Hepliaklqana was pleased with you.
You visited 2 branches of the dungeon, and saw 10 of its levels.

You collected 507 gold pieces.

Inventory:

Hand Weapons
 u - a +0 flail of holy wrath (weapon)
Armour
 h - a +0 plate armour (worn)
 j - a +0 tower shield (worn)
Jewellery
 l - a ring of see invisible (left hand)
 q - a ring of willpower
 s - a ring of protection from fire (right hand)
Wands
 b - a wand of polymorph (10)
 k - a wand of iceblast (11)
 p - a wand of mindburst (11)
 v - a wand of quicksilver (14)
 y - a wand of flame (6)
Scrolls
 d - 2 scrolls of vulnerability
 f - 5 scrolls of teleportation
 i - 4 scrolls of identify
 o - 3 scrolls of amnesia {unknown}
 r - a scroll of immolation {unknown}
 t - a scroll of fog {unknown}
 x - a scroll of enchant weapon {unknown}
Potions
 a - a potion of resistance {unknown}
 c - 2 potions of lignification {unknown}
 e - a potion of mutation
 g - a potion of curing
 m - a potion of attraction {unknown}
 n - a potion of enlightenment
 w - 4 potions of heal wounds


   Skills:
 - Level 8.7 Fighting
 + Level 8.3 Maces & Flails
 + Level 9.5 Armour
 - Level 6.4 Shields


You had 9 spell levels left.
You didn't know any spells.
Your spell library contained the following spells:

 Spells                   Type           Power      Damage    Failure   Level
 Magic Dart               Conj           0%         1d3       100%        1
 Inner Flame              Hex/Fire       0%         N/A       100%        3
 Summon Ice Beast         Ice/Summ       0%         N/A       100%        3
 Irradiate                Conj/Alch      0%         3d11      100%        5
 Summon Mana Viper        Hex/Summ       0%         N/A       100%        5
 Monstrous Menagerie      Summ           0%         N/A       100%        7
 Ignition                 Fire           0%         3d3       100%        8


Dungeon Overview and Level Annotations

Branches:
Dungeon (9/15)             Temple (1/1) D:6
   Lair: D:8-11         Orc: D:9-12

Altars:
Ashenzari
Cheibriados
Dithmenos
Elyvilon
Fedhas
Gozag
Hepliaklqana
Kikubaaqudgha
Nemelex Xobeh
Okawaru
Qazlal
Ru
Sif Muna
Trog
Uskayaw
Vehumet
Xom
Yredelemnul
Zin

Annotations:
D:9 Erolcha


Innate Abilities, Weirdness & Mutations

Your life essence is reduced to manifest your ancestor. (-10% HP)
You are immune to sickness and miasma.
Your stone body is resilient. (AC +7)
You are immune to poison.
You resist negative energy. (rN+)
You are resistant to electric shocks. (rElec)
You are resistant to unholy torment.
You are immune to petrification.
You have large cloven feet.
Your movements are slightly less encumbered by armour. (ER -2)


Message History

You completely miss the killer bee.
The killer bee is lightly wounded.
You block the killer bee's attack. x2
You closely miss the killer bee.
The killer bee is lightly wounded.
The killer bee stings you but does no damage.
You block the killer bee's attack. The killer bee stings you.
You sock the killer bee!
You kill the killer bee!
The killer bee closely misses you.
You sock the killer bee! You kick the killer bee.
The killer bee is severely wounded.
You block the killer bee's attack. x2
You sock the killer bee!
You kill the killer bee!
You see here a killer bee corpse.
No target in view!
A centaur comes into view.
The centaur shouts!
The centaur wields a +0 orcbow.
The centaur shoots an arrow.
The arrow hits you!
The centaur shoots an arrow.
You block the arrow.
Erolcha the Cunning comes into view.
She is wielding a +0 giant club and wearing a +2 robe of cold resistance.
The centaur shoots an arrow.
You block the arrow.
The centaur shoots an arrow.
The arrow hits you but does no damage.
You hit Erolcha but do no damage. Your kick misses Erolcha.
The centaur shoots an arrow.
You block the arrow.
The centaur shoots an arrow.
The arrow hits you. Erolcha hits you with a +0 giant club!
You hit Erolcha but do no damage.
The centaur shoots an arrow.
The arrow closely misses Seksa.
The arrow closely misses you.
The centaur shoots an arrow.
The arrow hits Seksa!
Seksa completely misses the centaur.
Erolcha hits you with a +0 giant club.
You barely miss Erolcha. You kick Erolcha, but do no damage.
The centaur shoots an arrow.
The arrow closely misses Seksa.
You block the arrow.
Seksa hits the centaur.
The centaur shoots an arrow.
The arrow completely misses Seksa.
The arrow hits you.
You barely miss Erolcha.
The centaur shoots an arrow.
The arrow hits Seksa!
Erolcha hits you with a +0 giant club!!!
Ouch! That really hurt!
You die...

### ######## #..
##.....#########.#
##.###.........#.#
##.# #.#######.#.#####
##.###.###.......Rc..#
.......##..###.#@###.#
##.##..........#O#
##.##.......##.#.#
##.##..#...###.#..
##.........# #.###
########..## #.#
#..####.# #.....
##...##


You could see the friendly Seksa the ancestor, Erolcha and a centaur (ally
target).

Vanquished Creatures
  Pikel (D:5)
  A kobold demonologist (D:7)
  Grinder (D:3)
  A wraith (D:9)
  A water moccasin (D:8)
  2 orc warriors
  A black bear (D:5)
  2 centaurs
  A phantom (D:6)
  A lemure (D:5)
  A kobold brigand (D:6)
  5 bullfrogs
  A scorpion (D:6)
  9 wights
  3 killer bees (D:9)
  A howler monkey (D:4)
  8 electric eels (D:8)
  2 bombardier beetles
  3 hounds
  A gnoll bouda (D:3)
  4 jellies
  Crazy Yiuf (D:5)
  2 sleepcaps
  Terence (D:3)
  2 iguanas
  4 orc wizards
  Ijyb (D:4)
  7 adders
  4 gnolls (D:4)
  A shadow imp (D:6)
  2 ufetubi (D:5)
  2 dart slugs
  5 ribbon worms
  23 orcs
  5 bats
  9 endoplasms
  4 giant cockroaches
  4 goblins
  7 hobgoblins
  4 jackals (D:4)
  2 quokkas
  6 ball pythons
  3 frilled lizards
  16 kobolds
  8 rats
173 creatures vanquished.

Vanquished Creatures (collateral kills)
  An orc warrior (D:7)
  An orc priest (D:7)
  A shadow imp (D:8)
  2 orcs
5 creatures vanquished.

Vanquished Creatures (others)
  A human (D:5)
  An orc wizard (D:8)
2 creatures vanquished.

Grand Total: 180 creatures vanquished

Notes
Turn   | Place    | Note
-------+----------+-------------------------------------------
     0 | D:1      | Doomgape the Gargoyle Fighter began the quest for the Orb.
     0 | D:1      | Reached XP level 1. HP: 14/14 MP: 1/1
   144 | D:1      | Reached XP level 2. HP: 18/19 MP: 2/2
   266 | D:1      | Found a faded altar of an unknown god.
   568 | D:2      | Reached XP level 3. HP: 22/24 MP: 3/3
  1514 | D:3      | Found a shimmering altar of Xom.
  1521 | D:3      | Reached XP level 4. HP: 28/29 MP: 4/4
  1529 | D:3      | Noticed Grinder
  1532 | D:3      | Gained mutation: Your movements are slightly less
                  | encumbered by armour. (ER -2) [potion of mutation]
  1532 | D:3      | Gained mutation: You have large cloven feet. [potion of
                  | mutation]
  1534 | D:3      | Paralysed by Grinder for 2 turns
  1549 | D:3      | Killed Grinder
  1550 | D:3      | Reached skill level 4 in Armour
  1550 | D:3      | Reached XP level 5. HP: 21/34 MP: 5/5
  1550 | D:3      | Reached XP level 6. HP: 25/39 MP: 6/6
  1567 | D:3      | Noticed Terence
  1571 | D:3      | Killed Terence
  2192 | D:3      | Found a hazy altar of Hepliaklqana.
  2311 | D:4      | Found a hide-covered altar of Uskayaw.
  2311 | D:4      | Noticed a +0 dagger
  2311 | D:4      | Noticed a +0 hand axe
  2417 | D:4      | Found a sacrificial altar of Ru.
  2569 | D:4      | Found a snail-covered altar of Cheibriados.
  2651 | D:4      | Reached skill level 5 in Fighting
  2665 | D:4      | Reached skill level 5 in Armour
  2665 | D:4      | Reached skill level 5 in Shields
  2665 | D:4      | Reached XP level 7. HP: 38/44 MP: 7/7
  2671 | D:4      | Found a glowing silver altar of Zin.
  2672 | D:4      | Found a blossoming altar of Fedhas.
  2775 | D:4      | Found an ancient bone altar of Kikubaaqudgha.
  2786 | D:4      | Found a shimmering blue altar of Sif Muna.
  2787 | D:4      | Found a radiant altar of Vehumet.
  2794 | D:4      | Got Vehumet's Anthology of Concussion
  2839 | D:4      | Noticed Ijyb
  3035 | D:4      | Killed Ijyb
  3407 | D:5      | Entered Level 5 of the Dungeon
  3435 | D:5      | Found a stormy altar of Qazlal.
  3435 | D:5      | Found a sparkling altar of Nemelex Xobeh.
  3612 | D:5      | Found a runed translucent door.
  3612 | D:5      | Noticed a human
  3617 | D:5      | Found a basalt altar of Yredelemnul.
  3650 | D:5      | Killed a human
  3729 | D:5      | Noticed Pikel
  3774 | D:5      | Killed Pikel
  3775 | D:5      | Reached skill level 5 in Maces & Flails
  3775 | D:5      | Reached skill level 6 in Armour
  3775 | D:5      | Reached XP level 8. HP: 21/52 MP: 8/8
  4127 | D:5      | Found a bloodstained altar of Trog.
  4227 | D:5      | Found a runed translucent door.
  4228 | D:5      | Noticed Crazy Yiuf
  4238 | D:5      | Killed Crazy Yiuf
  4403 | D:6      | Found a shadowy altar of Dithmenos.
  4469 | D:6      | Reached skill level 7 in Armour
  4469 | D:6      | Reached XP level 9. HP: 57/57 MP: 9/9
  4495 | D:6      | Found a staircase to the Ecumenical Temple.
  4529 | Temple   | Entered the Ecumenical Temple
  4712 | D:3      | Became a worshipper of Hepliaklqana the Forgotten
  5047 | D:7      | Noticed a kobold demonologist
  5053 | D:7      | Noticed a soul eater
  5058 | D:7      | Killed a kobold demonologist
  5228 | D:7      | Reached skill level 8 in Armour
  5371 | D:7      | Found an opulent altar of Gozag.
  5557 | D:7      | Found an iron altar of Okawaru.
  5631 | D:7      | Reached * piety under Hepliaklqana
  5919 | D:8      | Found a broken altar of Ashenzari.
  6254 | D:8      | Reached XP level 10. HP: 53/58 MP: 10/10
  6263 | D:8      | Reached skill level 9 in Armour
  7100 | D:9      | Reached ** piety under Hepliaklqana
  7233 | D:9      | Noticed Erolcha
  7238 | D:9      | Slain by Erolcha

Illustrated notes

Levels and vault maps discovered:
D:1:      doesnt_arrival_eight_statues, layout_rooms,
          shapermc_ecumenical_altar_notcrosses
D:2:      layout_loops_ring, minmay_tripent
D:3:      layout_basic, nicolae_hepliaklqana_hippocampus, lemuel_crystal_altar,
          uniq_grinder, uniq_terence
D:4:      layout_rooms, grunt_temple_overflow_magic_moments,
          mainiacjoe_overflow_tiny_flanked, dancing_weapons_uskayaw,
          mainiacjoe_overflow_two_lobes, fedhas_altar_3, uniq_ijyb
D:5:      layout_rooms, mainiacjoe_overflow_24_doors, dk_yredelemnul_ordeal,
          chequers_temple_overflow_statue_of_worship, hex_medium,
          minmay_misc_feat_enclosed, uniq_pikel, uniq_crazy_yiuf_cottage
D:6:      layout_rooms, nicolae_dithmenos_shadow_blocks
D:7:      layout_cave_pods, grunt_gozag_breadcrumbs, okawaru_gym_becter
D:8:      layout_basic, evilmike_ruin_ashenzari, serial_bayou,
          serial_bayou_pond_c, serial_bayou_pond_a, serial_bayou_shore_a,
          serial_bayou_pond_b, serial_bayou_lagoon_a, serial_bayou_lagoon_b,
          minmay_tree_intersection
D:9:      layout_loops_corners, tso_metal_star, uniq_erolcha
Temple:   ebering_the_one_and_only

Skill      XL: |  1  2  3  4  5  6  7  8  9 10 |
---------------+-------------------------------+-----
Fighting       | 4 5 6 7 8 |  8.7
Maces & Flails | 3 5 7 8 |  8.3
Armour         | 4 5 6 7 8 9 |  9.5
Shields        | 4 5 6 |  6.4

Action                     |  1- 3 |  4- 6 |  7- 9 | 10-12 || total
---------------------------+-------+-------+-------+-------++-------
  Melee: Flail             |   143 |   137 |   378 |    65 ||   723
         Kick              |       |    26 |    96 |    13 ||   135
 Invoke: Ancestor Identity |       |       |     1 |       ||     1
  Evoke: Wand              |       |       |     4 |     2 ||     6
    Use: Scroll            |     1 |     2 |     6 |       ||     9
         Potion            |       |     2 |     3 |       ||     5
   Stab: Distracted        |       |       |     2 |       ||     2
 Armour: Scale mail        |    32 |       |       |       ||    32
         Plate armour      |   101 |   119 |   315 |    74 ||   609
         Skin              |       |       |    39 |       ||    39
  Dodge: Dodged            |    40 |    55 |    94 |    17 ||   206
  Block: Buckler           |    33 |    45 |    28 |       ||   106
         Tower shield      |       |       |   212 |    35 ||   247
